 Seeded DCSS version 0.29-a0-1027-gcd8c55af63 (webtiles) character file.

Game seed: 20220813 (custom seed)

35 purpskrrrp the Trooper (level 3, 0/23 HPs)
             Began as a Gargoyle Monk on Aug 12, 2022.
             Slain by a gnoll
             ... wielding a +0 spear
              (6 damage)
             ... on level 2 of the Dungeon.
             The game lasted 00:04:27 (2227 turns).

purpskrrrp the Trooper (Gargoyle Monk)              Turns: 2227, Time: 00:04:28

Health: 0/23       AC:  6    Str: 14 (16) XL:     3   Next: 35%
Magic:  3/3        EV: 12    Int: 15 (16) God:
Gold:   117        SH:  5    Dex: 10 (12) Spells: 2/2 levels left

rFire   . . .      SeeInvis .   a - +0 mace
rCold   . . .      Faith    .   (no shield)
rNeg    + . .      Spirit   .   b - +0 robe
rPois   ∞          Reflect  +   i - +0 helmet
rElec   +          Harm     .   (no cloak)
rCorr   .          Rampage  .   (no gloves)
Will    .....                   (no boots)
Stlth   ++........              u - amulet of reflection
HPRegen 0.07/turn               m - +6 ring of intelligence
MPRegen 0.08/turn               (no ring)

@: no status effects
A: sickness immunity, AC +3, negative energy resistance 1, electricity
resistance, torment resistance 1, petrification resistance
a: no special abilities


You were on level 2 of the Dungeon.
You visited 1 branch of the dungeon, and saw 2 of its levels.

You collected 117 gold pieces.

Inventory:

Hand Weapons
 a - a +0 mace (weapon)
Armour
 b - a +0 robe (worn)
 i - a +0 helmet (worn)
Jewellery
 m - a +6 ring of intelligence (left hand)
 u - an amulet of reflection (around neck)
Wands
 s - a wand of polymorph (3) (quivered)
Scrolls
 d - a scroll of identify {unknown}
 g - a scroll of noise {unknown}
 h - 2 scrolls of teleportation {unknown}
 n - a scroll of immolation {unknown}
 o - 2 scrolls of vulnerability {unknown}
 r - a scroll of brand weapon {unknown}
 t - a scroll of fear {unknown}
Potions
 c - a potion of ambrosia
 e - a potion of flight {unknown}
 l - 2 potions of curing {unknown}
 p - a potion of might {unknown}
 q - a potion of cancellation {unknown}


   Skills:
 + Level 3.5 Fighting
 * Level 3.4 Maces & Flails
 + Level 1.0 Armour
 - Level 2.4 Dodging
 + Level 2.7 Stealth
 + Level 0.9 Unarmed Combat


You had 2 spell levels left.
You didn't know any spells.
Your spell library contained the following spells:

 Spells                   Type           Power      Damage    Failure   Level
 Magic Dart               Conj           0%         1d3       26%         1
 Call Imp                 Summ           0%         N/A       38%         2
 Mephitic Cloud           Conj/Pois/Air  0%         N/A       63%         3
 Alistair's Intoxication  Tmut/Pois      0%         N/A       100%        5
 Borgnjor's Vile Clutch   Necr/Erth      0%         N/A       100%        5
 Eringya's Noxious Bog    Tmut/Pois      0%         N/A       100%        6


Dungeon Overview and Level Annotations

Branches:
Dungeon (2/15)

Altars:


Innate Abilities, Weirdness & Mutations

You are immune to sickness and miasma.
Your stone body is resilient. (AC +3)
You are immune to poison.
You resist negative energy. (rN+)
You are resistant to electric shocks. (rElec)
You are resistant to unholy torment.
You are immune to petrification.


Message History

The jackal is almost dead.
The jackal bites you. The jackal barely misses you.
You closely miss the jackal.
The jackal is almost dead.
The jackal closely misses you. x2
The gnoll shouts!
You thump the jackal!
You kill the jackal!
The gnoll returns to its original shape as it dies.
A gnoll comes into view. It is wielding a +3 vampiric spear.
You see here a gnoll corpse.
It was a potion of degeneration.
There was something very wrong with that liquid.
You feel weakened.
You feel dopey.
You feel clumsy.
It was a potion of heal wounds.
You feel much better.
The gnoll shouts!
You block the gnoll's attack.
You see here a gnoll corpse.
You barely miss the gnoll. The gnoll hits you with a +0 spear.
You block the gnoll's attack.
You hit the gnoll.
The gnoll is moderately wounded.
The gnoll barely misses you.
The gnoll hits you from afar with a +3 vampiric spear.
You hit the gnoll.
The gnoll is heavily wounded.
The gnoll closely misses you. You block the gnoll's attack.
The gnoll closely misses you. The gnoll barely misses you.
You barely miss the gnoll.
The gnoll is heavily wounded.
The gnoll hits you but does no damage.
The gnoll hits you from afar with a +3 vampiric spear!
* * * LOW HITPOINT WARNING * * *
Blink to where?
Press: ? - help, Dir - move target
As you read the scroll labelled FIROTUFEIS, it crumbles to dust.
It was a scroll of blinking.
There is an open door here.
The gnoll hits you from afar with a +0 spear.
You die...

.....# #......#####........#
.###.# #......# #........# .# #.#
#......# #######'## .# #.#
#......#####.......### .#
#.########'####......÷........ .#
#.##..........#..>..........## .#
#.##..........#............... .#
#.##..........#...>..........#
####'##.........@'...............
#..).......g.g..#...........#...
#............g..############....
#...............# #.#..
#.....########### #.#.. #.....#
#.#.. #.....# #.#.. #...g.# #.#..
#.....# ### #.##.


You could see 3 gnolls.

Vanquished Creatures
  4 ball pythons
  7 endoplasms (D:1)
  2 goblins (D:1)
  2 hobgoblins (D:1)
  4 jackals (D:2)
  3 quokkas
  2 bats
  A frilled lizard (D:2)
  2 kobolds
  3 rats
30 creatures vanquished.

Notes
Turn   | Place    | Note
-------+----------+-------------------------------------------
     0 | D:1      | purpskrrrp the Gargoyle Monk began the quest for the Orb.
     0 | D:1      | Reached XP level 1. HP: 14/14 MP: 1/1
     6 | D:1      | Noticed a polar bear
     6 | D:1      | Noticed a salamander
     7 | D:1      | Noticed a rime drake
   437 | D:1      | Reached XP level 2. HP: 18/19 MP: 2/2
   981 | D:1      | Reached XP level 3. HP: 12/23 MP: 3/3
  1635 | D:2      | Reached skill level 1 in Armour
  2227 | D:2      | Slain by a gnoll

Illustrated notes

Levels and vault maps discovered:
D:1:      onia_arrival_zoo_common, layout_basic
D:2:      layout_basic

Skill      XL: |  1  2  3 |
---------------+----------+-----
Armour         | 1 |  1.0
Fighting       | |  3.5
Maces & Flails | |  3.4
Dodging        | |  2.4
Stealth        | |  2.7
Unarmed Combat | |  0.9

Action                   || total
-------------------------++-------
Melee: Mace              ||    89
Evoke: Wand              ||     1
  Use: Potion            ||     2
       Scroll            ||     1
 Stab: Sleeping          ||     5
Armor: Robe              ||    24
Dodge: Dodged            ||    66
Block: Other             ||     4

Table legend: (Time is in decaauts)
 A = Elapsed time spent in this place.
 B = Non-inter-level travel time spent in this place.
 C = Inter-level travel time spent in this place.
 D = Time resting spent in this place.
 E = Time spent auto-exploring this place.
 F = Levels seen in this place.
 G = Mean time per level.
                   A        B        C        D        E       F      G
               +--------+--------+--------+--------+--------+-----+--------+
         Total |   2247 |   2214 |     33 |    244 |   1669 |   2 | 1123.5 |
       Dungeon |   2247 |   2214 |     33 |    244 |   1669 |   2 | 1123.5 |
               +--------+--------+--------+--------+--------+-----+--------+

Top non-repeatable levels by time:
     D:1: 1317 daAuts
     D:2: 930 daAuts
